 Dungeon Crawl Stone Soup version 0.23.2-1-ga50397a6bc (webtiles) character file.

Game seed: 6092411277275632069

42 Jaijje the Skirmisher (level 3, -2/29 HPs)
             Began as a Demonspawn Abyssal Knight on May 21, 2019.
             Was a Follower of Lugonu.
             Slain by Jessica
             ... wielding a +0 dagger
              (5 damage)
             ... on level 3 of the Dungeon.
             The game lasted 00:03:09 (1631 turns).

Jaijje the Skirmisher (Demonspawn Abyssal Knight)   Turns: 1631, Time: 00:03:09

Health: -2/29      AC:  3    Str:  9    XL:     3   Next: 35%
Magic:  0/4        EV:  8    Int: 13    God:    Lugonu [*.....]
Gold:   52         SH:  0    Dex: 14    Spells: 2/2 levels left

rFire    . . .     SeeInvis .   a - +1 hand axe
rCold    . . .     Gourm    .   (no shield)
rNeg     . . .     Faith    .   b - +0 leather armour
rPois    .         Spirit   +   (no helmet)
rElec    .         Reflect  .   (no cloak)
rCorr    .         Harm     .   (no gloves)
MR       .....     Clarity  +   (no boots) Stlth +.........Rnd*Tele +
                                (no amulet)
HPRegen  0.09/turn              o - -3 ring of evasion (curse)
MPRegen  0.09/turn              (no ring)

@: flying (expiring)
A: claws 1, agile 1, clarity, [teleportitis 2], [weak 2], magic shield
a: Depart the Abyss, Renounce Religion


You were on level 3 of the Dungeon.
You worshipped Lugonu.
Lugonu was aware of your devotion.
You were very hungry.

You visited 1 branch of the dungeon, and saw 3 of its levels.
You visited the Abyss 1 time.

You collected 52 gold pieces.

Inventory:

Hand Weapons
 a - a +1 hand axe (weapon)
Armour
 b - a +0 leather armour (worn)
Jewellery
 o - a cursed -3 ring of evasion (left claw)
Scrolls
 d - 4 scrolls of teleportation {unknown}
 f - a scroll of magic mapping {unknown}
 g - a scroll of enchant armour {unknown}
 h - 2 scrolls of identify {unknown}
 i - a scroll of fog {unknown}
 k - a scroll of remove curse {unknown}
Potions
 m - a potion of brilliance {unknown}
 n - a potion of lignification {unknown}
Comestibles
 c - 4 rations


   Skills:
 + Level 3.6 Fighting
 + Level 2.2 Axes
 + Level 2.3 Armour
 + Level 1.1 Dodging
 + Level 2.4 Invocations


You had 2 spell levels left.
You didn't know any spells.
Your spell library was empty.

Dungeon Overview and Level Annotations

Branches:
Dungeon (3/15)

Altars:
Uskayaw

Annotations:
D:2 Robin
D:3 Jessica


Innate Abilities, Weirdness & Mutations

You have sharp fingernails.
When hurt, damage is shared between your health and your magic reserves.
You are agile. (Dex +2)
You possess an exceptional clarity of mind.
[You are sometimes teleported next to monsters.]
[You are very weak. (Str -4)]


Message History

You closely miss Jessica.
Jessica is heavily wounded.
Jessica looks very angry.
Jessica gestures wildly while chanting.
Jessica blinks!
You hit the goblin.
The goblin is moderately wounded.
The goblin hits you but does no damage.
The adder hisses angrily.
You hit the goblin.
You kill the goblin!
Lugonu accepts your kill.
You miss the adder.
You are starting to lose your buoyancy.
The adder barely misses you. The adder bites you.
* * * LOW HITPOINT WARNING * * *
You miss the adder. You hit Jessica but do no damage. The adder bites you.
* * * LOW HITPOINT WARNING * * *
Jessica hits you with a +0 dagger.
You die...

.. . .# . .# .#
#... .# ###.#b
.##### ..g@.
.#... ..> ...
#.###.###.#
#....†<@@S#
##########......
..... .... ...
.. #


You could see an adder and Jessica.

Vanquished Creatures
  An adder (D:2)
  A dart slug (D:1)
  2 leopard geckos (D:1)
  6 bats
  2 giant cockroaches (D:1)
  7 goblins
  A hobgoblin (D:1)
  A frilled lizard (D:1)
  3 kobolds (D:1)
  3 rats (D:1)
27 creatures vanquished.

Notes
Turn   | Place    | Note
-------+----------+-------------------------------------------
     0 | Abyss:1  | Jaijje the Demonspawn Abyssal Knight began the quest for
                  | the Orb.
     0 | Abyss:1  | Reached XP level 1. HP: 18/18 MP: 2/2
    79 | Abyss:1  | Noticed a ynoxinul
    97 | Abyss:1  | Noticed a wretched star
    99 | D:1      | Escaped the Abyss
   375 | D:1      | Reached * piety under Lugonu
   421 | D:1      | Gained mutation: You have sharp fingernails. [demonic
                  | ancestry]
   421 | D:1      | Reached XP level 2. HP: 18/24 MP: 3/3
   433 | D:1      | Reached skill level 1 in Dodging
  1500 | D:2      | Gained mutation: When hurt, damage is shared between your
                  | health and your magic reserves. [demonic ancestry]
  1500 | D:2      | Reached XP level 3. HP: 21/29 MP: 4/4
  1573 | D:2      | Found a hide-covered altar of Uskayaw.
  1602 | D:2      | Noticed Robin
  1610 | D:3      | Noticed Jessica
  1617 | D:3      | HP: 1/29 [bat (1)]
  1619 | D:3      | Gained mutation: You are agile. (Dex +2) [potion of
                  | mutation]
  1619 | D:3      | Gained mutation: You possess an exceptional clarity of
                  | mind. [potion of mutation]
  1631 | D:3      | Slain by Jessica

Skill      XL: |  1  2 |
---------------+-------+-----
Dodging        | 1 |  1.1
Armour         | 2 |  2.3
Axes           | 2 |  2.2
Fighting       | |  3.6
Invocations    | |  2.4

Action                   || total
-------------------------++-------
Melee: Hand axe          ||   101
Invok: Depart the Abyss  ||     1
  Use: Potion            ||     3
 Stab: Sleeping          ||     1
  Eat: Chunk             ||     1
Armor: Leather armour    ||    47
Dodge: Dodged            ||    62
